cohdb
Replays
Latest Replays
All Replays
Popular Replays
Top Player Replays
Match Explorer
How It Works
Community
CoH3 Stats
Reddit
Sign in to upload your games and track your stats! →
Sign in with Steam
Match 45701812
Unlisted
Match 45701812
Overview
Messages
Build Orders
End
Construct Barracks
Engineer Squad
Riflemen Squad
1⁄4-ton 4x4 Truck
Riflemen Squad
Selects Advanced Infantry Battlegroup
Selects Convert to Ranger Squad
Convert to Ranger Squad
Mechanized Support Center
Grenade Package
Construct Motor Pool
M8 Greyhound Armored Car
Improvised Armor
Construct Medical Station
Selects Frontline Medical Station
Designate Forward Repair Station
Selects Ranger Weapon Training
Construct Tank Depot
M4A1 76mm Conversion
Selects Ammunition Storage
Convert to Ranger Squad
M4A1(76) Sherman Medium Tank
Selects M2A1 105mm Howitzer Emplacement
[TB] Pvt. Mike
Animal Mother
~TAB~ THUND3RCHUNKY
Power Sex
0
0
Comments
sign in to comment!
No comments posted yet!